 Dungeon Crawl Stone Soup version 0.27.1-33-g824d729ab1 (webtiles) character file.

Game seed: 4951844494001980991

112131 Atelerd the Thaumaturge (level 16, -9/93 HPs)
             Began as an Octopode Earth Elementalist on Dec 14, 2021.
             Was an Elder of Sif Muna.
             Killed from afar by a fire dragon (42 damage)
             ... with a blast of flame
             ... on level 15 of the Dungeon on Dec 15, 2021.
             The game lasted 01:18:54 (34088 turns).

Atelerd the Thaumaturge (OpEE)                     Turns: 34088, Time: 01:18:55

Health: -9/93      AC:  5    Str:  7    XL:     16   Next: 59%
Magic:  15/42      EV: 25    Int: 26    God:    Sif Muna [****..]
Gold:   3237       SH:  5    Dex: 17    Spells: 9/42 levels left

rFire    . . .     SeeInvis .   E - +2 dagger (venom)
rCold    . . .     Faith    .   (no shield)
rNeg     + . .     Spirit   .   (helmet restricted)
rPois    .         Reflect  +   A - amulet of reflection
rElec    .         Harm     .   F - ring of wizardry
rCorr    .         Rampage  .   o - ring of magical power
Will     ++...                  H - ring of Aqaoliro {rN+ Will+ Int+3 Dex+3}
Stlth    ++++++....             v - ring of wizardry
HPRegen  0.25/turn              B - +4 ring of slaying
MPRegen  0.28/turn              d - +4 ring of evasion
                                C - +4 ring of protection
                                S - +4 ring of evasion

@: studying Summonings
A: almost no armour, amphibious, 8 rings, camouflage 1, gelatinous body 1,
(nimble swimmer 1), tentacles
a: Renounce Religion, Channel Magic, Forget Spell, Divine Exegesis


You were on level 15 of the Dungeon.
You worshipped Sif Muna.
Sif Muna was greatly pleased with you.
You visited 4 branches of the dungeon, and saw 24 of its levels.
You also visited: Sewer and Bailey.

You collected 4526 gold pieces.
You spent 1289 gold pieces at shops.

Inventory:

Hand Weapons
 E - a +2 dagger of venom (weapon)
Missiles
 b - 310 stones
Armour
 W - the +2 shield of Resistance {rF++ rC++ Will++}
   (You found it in a bailey)

   rF:        It greatly protects you from fire.
   rC:        It greatly protects you from cold.
   Will:      It greatly increases your willpower.
Jewellery
 d - a +4 ring of evasion (on tentacle)
 i - a +6 ring of dexterity
 n - a ring of flight
 o - a ring of magical power (right tentacle)
 q - a ring of resist corrosion
 v - a ring of wizardry (on tentacle)
 A - an amulet of reflection (around mantle)
 B - a +4 ring of slaying (on tentacle)
 C - a +4 ring of protection (on tentacle)
 F - a ring of wizardry (left tentacle)
 H - the ring of Aqaoliro (on tentacle) {rN+ Will+ Int+3 Dex+3}
   (You found it on level 6 of the Lair of Beasts)

   [ring of positive energy]

   Int:       It affects your intelligence (+3).
   Dex:       It affects your dexterity (+3).
   rN:        It protects you from negative energy.
   Will:      It increases your willpower.
 I - an amulet of magic regeneration
 S - a +4 ring of evasion (on tentacle)
 Y - a +4 ring of evasion
Wands
 c - a wand of polymorph (14)
 K - a wand of flame (37)
 R - a wand of acid (10)
 T - a wand of digging (5)
Scrolls
 f - 2 scrolls of amnesia
 k - a scroll of magic mapping
 m - 2 scrolls of immolation
 s - 2 scrolls of silence
 t - 3 scrolls of fog
 w - 4 scrolls of brand weapon
 y - 8 scrolls of enchant weapon
 D - a scroll of identify
 G - 8 scrolls of teleportation
 J - 3 scrolls of torment
 M - a scroll of holy word
 O - 7 scrolls of enchant armour
 U - a scroll of fear
 X - 3 scrolls of blinking
Potions
 a - 6 potions of cancellation
 e - 2 potions of resistance
 g - 7 potions of attraction
 h - 12 potions of curing
 j - 3 potions of haste
 l - 5 potions of might
 r - a potion of berserk rage
 u - 10 potions of heal wounds
 x - 4 potions of flight
 z - a potion of mutation
 L - 4 potions of brilliance
 N - a potion of lignification
 Q - 5 potions of magic
Miscellaneous
 p - a phantom mirror


   Skills:
 - Level 3.0 Fighting
 - Level 2.0 Short Blades
 - Level 7.0 Dodging
 - Level 10.5 Stealth
 + Level 10.4 Shields
 - Level 13.5 Spellcasting
 - Level 5.0 Conjurations
 - Level 4.0 Summonings
 - Level 2.0 Translocations
 - Level 9.0 Transmutations
 - Level 2.0 Fire Magic
 - Level 5.0 Air Magic
 - Level 12.0 Earth Magic
 - Level 2.0 Poison Magic
 - Level 10.0 Invocations


You had 9 spell levels left.
You knew the following spells:

 Your Spells              Type           Power      Damage    Failure   Level
a - Sandblast             Erth           100%       2d20      0%          1
b - Mephitic Cloud        Conj/Pois/Air  38%        N/A       1%          3
e - Olgreb's Toxic Radia  Pois           28%        N/A       4%          4
f - Ignite Poison         Fire/Tmut/Pois 40%        N/A       1%          3
i - Airstrike             Air            21%        N/A       1%          4
l - Fireball              Conj/Fire      17%        3d9       6%          5
n - Iskenderun's Mystic   Conj/Tloc      35%        2d8       2%          4
p - Petrify               Tmut/Erth      64%        N/A       1%          4
t - Summon Forest         Summ/Tloc      16%        N/A       7%          5

Your spell library contained the following spells:

 Spells                   Type           Power      Damage    Failure   Level
 Foxfire                  Conj/Fire      100%       2x1d9     1%          1
 Pain                     Necr           68%        1d7       1%          1
 Shock                    Conj/Air       100%       1d9       1%          1
 Summon Small Mammal      Summ           100%       N/A       1%          1
 Ensorcelled Hibernation  Hex/Ice        34%        N/A       1%          2
 Passwall                 Tmut/Erth      53%        N/A       1%          2
 Wereblood                Tmut           59%        N/A       1%          2
 Call Canine Familiar     Summ           38%        N/A       1%          3
 Dazzling Flash           Conj/Hex       60%        N/A       1%          3
 Portal Projectile        Hex/Tloc       44%        N/A       1%          3
 Stone Arrow              Conj/Erth      100%       3d13      1%          3
 Summon Guardian Golem    Hex/Summ       28%        N/A       1%          3
 Swiftness                Air            43%        N/A       1%          3
 Leda's Liquefaction      Hex/Erth       24%        N/A       1%          4
 Summon Lightning Spire   Summ/Air       41%        N/A       1%          4
 Blade Hands              Tmut           29%        N/A       1%          5
 Bolt of Magma            Conj/Fire/Erth 25%        4d12      1%          5
 Hailstorm                Conj/Ice       30%        3d8       3%          4
 Lightning Bolt           Conj/Air       21%        1d36      3%          5
 Summon Ice Beast         Ice/Summ       28%        N/A       4%          4
 Summon Mana Viper        Hex/Summ       28%        N/A       11%         5
 Agony                    Necr           17%        N/A       22%         5
 Excruciating Wounds      Necr           8%         N/A       22%         5
 Shadow Creatures         Summ           N/A        N/A       24%         6
 Starburst                Conj/Fire      17%        6d6       28%         6
 Simulacrum               Ice/Necr       8%         N/A       73%         6
 Ozocubu's Refrigeration  Ice            8%         4d6       99%         7
 Necromutation            Tmut/Necr      20%        N/A       99%         8
 Shatter                  Erth           34%        3d27*     99%         9
 Ignition                 Fire           14%        3d6       100%        8
 Chain Lightning          Conj/Air       21%        3d28      100%        9
 Fire Storm               Conj/Fire      17%        8d5       100%        9


Dungeon Overview and Level Annotations

Branches:
Dungeon (15/15)            Temple (1/1) D:6            Lair (6/6) D:10
 Shoals (0/4) Lair:2        Snake (0/4) Lair:3        Slime (0/5) Lair:5
    Orc (2/2) D:11            Elf (0/3) Orc:2        Vaults (0/5) D:14
  Sewer (visited)          Bailey (visited)
 Depths: D:15

Altars:
Ashenzari
Cheibriados
Dithmenos
Elyvilon
Fedhas
Gozag
Hepliaklqana
Makhleb
Okawaru
Qazlal
Ru
Sif Muna
Trog
Uskayaw
Xom
Yredelemnul
Zin
The Shining One
Beogh
Jiyva
Lugonu

Shops:
D:4 :   D:5 [   D:10 *   Orc:2 ?[?(

Portals:
Abyss: Lair:6

Annotations:
D:2 exclusion: downstairs
D:11 exclusion: 2 downstairs
D:12 2 runed translucent doors, Stajl's ghost, journeyman TrFi
Lair:1 exclusion: door
Lair:3 exclusion: downstairs
Lair:5 2 transporters, 1 runed translucent door, Luam's ghost, journeyman OpFi


Innate Abilities, Weirdness & Mutations

You cannot wear most types of armour.
You are amphibious.
You can wear up to eight rings at the same time.
Your skin changes colour to match your surroundings (Stealth+).
Your rubbery body absorbs attacks. (AC +1, EV +1)
((You are camouflaged near water. (Stealth+)))
You have tentacles for arms and can constrict up to eight enemies at once.


Message History

Unknown command.
What are your orders? t - Shout!
Orders for allies: a - Attack new target. r - Retreat! s - Stop attacking. g - Guard the area. f - Follow me.
Anything else - Cancel.
Gang up on whom?
Press: ? - help, Dir - move target, f - fire dragon
Aim: a fire dragon (lightly wounded, covered in liquid flames, ally target) Attack!
The fire dragon bites your deep elf pyromancer!!
Your deep elf pyromancer dies!
Your deep elf pyromancer's corpse dissolves into shadows!
Your fire dragon breathes flames at the fire dragon.
The blast of flame hits the fire dragon.
The fire dragon resists.
Unknown command.
The fire dragon stops burning.
Your deep elf pyromancer hits the fire dragon with a +0 rapier.
Your fire dragon bites the fire dragon!
Your fire dragon claws the fire dragon but does no damage.
Your fire dragon closely misses the fire dragon.
Unknown command.
Unknown command.
The fire dragon breathes flames at you.
The blast of flame hits your deep elf pyromancer!!
Your deep elf pyromancer dies!
Your deep elf pyromancer's corpse dissolves into shadows!
Your fire dragon bites the fire dragon.
Your fire dragon claws the fire dragon!
Your fire dragon tramples the fire dragon!
The fire dragon holds its ground!
Your fire dragon bites the fire dragon but does no damage.
Your fire dragon claws the fire dragon but does no damage.
Your fire dragon tramples the fire dragon.
The fire dragon is shoved backwards!
Unknown command.
The fire dragon breathes flames at you. The blast of flame hits you!!!
You die...

####### #..#..###
#.##..##########.......##
......#.#.#......)P.....#
.##...........).....∩...#
.#.#..#.#..#.#....∩..∩..##
..##...#....#..P.........#
......#.#..#.#.)....∩.P..#
...............))P.......#
##########.....)@.......##
##++###...P...## #......##
#..#D#.# +...#D.##
+..#.#..# #......##
##....D.# #.#.#..#


You could see a fire dragon (catching breath, ally target) and a friendly fire
dragon (summoned).

Vanquished Creatures
  Gastronok (Lair:3)
  The ghost of ciphuk the Unseen, a journeyman VSBr of Uskayaw (Orc:2)
  A boulder beetle (Lair:2)
  A vault guard (D:14)
  9 hydras
  An anaconda (shapeshifter) (Lair:6)
  3 centaur warriors
  4 two-headed ogres
  3 thrashing horrors (Lair:6)
  3 slime creatures
  2 skeletal warriors (D:12)
  2 deep elf archers (D:15)
  2 orc knights
  A deep elf zephyrmancer (D:15)
  15 ugly things
  3 deep elf pyromancers
  A cyclops (shapeshifter) (Lair:6)
  3 cyclopes
  10 orc sorcerers (Orc:2)
  2 manticores
  2 oklob plants (Lair:4)
  Joseph (D:9)
  11 elephants
  5 black mambas
  A guardian serpent (shapeshifter) (D:13)
  12 cane toads
  A freezing wraith (D:15)
  2 rime drakes
  Psyche (D:10)
  An efreet (D:14)
  A yaktaur (shapeshifter) (D:15)
  2 tengu conjurers (D:14)
  9 komodo dragons
  An ancient zyme (Lair:6)
  7 trolls
  A wind drake (shapeshifter) (D:14)
  A troll (shapeshifter) (D:14)
  A hornet (D:7)
  3 polar bears
  Grinder (D:6)
  Prince Ribbit (D:8)
  2 meliai zombies
  28 blink frogs
  12 small abominations (Lair:6)
  6 dream sheep (Lair:5)
  A wraith (D:10)
  2 spriggans (Lair:6)
  36 yaks
  3 wyverns
  9 basilisks
  A vampire (D:12)
  A hog (shapeshifter) (Lair:6)
  3 chaos spawn (Lair:6)
  20 vampire mosquitoes
  Edmund (D:5)
  11 wargs (Orc:2)
  3 acid dragons
  22 water moccasins
  A sky beast (D:7)
  29 orc warriors
  A black bear (shapeshifter) (Lair:6)
  3 black bears
  A hornet zombie (D:7)
  3 ice beasts
  3 ogres
  2 necrophages
  10 centaurs
  A boggart (D:15)
  22 wolves
  A kobold brigand (D:7)
  10 bullfrogs
  3 gnoll sergeants
  A wyvern zombie (D:7)
  4 scorpions
  A wyvern skeleton (D:7)
  2 water moccasin skeletons
  3 wights (D:3)
  10 killer bees
  6 howler monkeys
  2 centaur zombies
  4 bullfrog zombies
  A gnoll shaman (D:8)
  12 orc priests
  3 hounds
  2 iguanas (D:6)
  29 orc wizards
  A howler monkey zombie (D:9)
  8 adders
  14 gnolls
  A river rat (D:6)
  3 shadow imps
  A white imp (D:6)
  An adder skeleton (D:4)
  4 worms
  5 dart slugs
  97 orcs
  3 bats
  5 endoplasms
  4 giant cockroaches
  16 goblins
  6 hobgoblins
  2 jackals (Sewer)
  8 quokkas
  4 ball pythons
  3 frilled lizards
  19 kobolds
  5 rats
674 creatures vanquished.

Vanquished Creatures (collateral kills)
  A rime drake (Lair:6)
  2 water moccasins (Lair:6)
3 creatures vanquished.

Vanquished Creatures (others)
  78 fungi
  99 plants
177 creatures vanquished.

Grand Total: 854 creatures vanquished

Notes
Turn   | Place    | Note
-------+----------+-------------------------------------------
     0 | D:1      | Atelerd the Octopode Earth Elementalist began the quest for
                  | the Orb.
     0 | D:1      | Reached XP level 1. HP: 11/11 MP: 3/3
   290 | D:1      | Reached XP level 2. HP: 13/17 MP: 5/5
   424 | D:1      | Found a faded altar of an unknown god.
  1061 | D:1      | Reached XP level 3. HP: 21/21 MP: 6/6
  1771 | D:2      | Reached XP level 4. HP: 26/27 MP: 4/8
  1809 | D:2      | Found a hazy altar of Hepliaklqana.
  1881 | D:2      | Noticed a black bear
  2394 | D:3      | Reached skill level 3 in Spellcasting
  2394 | D:3      | Reached XP level 5. HP: 11/31 MP: 0/9
  3100 | D:3      | Reached XP level 6. HP: 14/36 MP: 3/11
  3549 | D:3      | Found a sacrificial altar of Ru.
  3895 | D:2      | Killed a black bear
  4215 | D:4      | Found Hupeagit's Book Emporium.
  4247 | D:4      | Reached skill level 5 in Stealth
  4247 | D:4      | Reached XP level 7. HP: 41/41 MP: 8/12
  4254 | D:4      | Learned a level 4 spell: Petrify
  4258 | D:4      | Learned a level 3 spell: Mephitic Cloud
  4262 | D:4      | Learned a level 3 spell: Ignite Poison
  4396 | D:4      | Reached skill level 4 in Spellcasting
  4548 | D:4      | Reached skill level 1 in Air Magic
  4548 | D:4      | Reached skill level 1 in Poison Magic
  4888 | D:4      | Found an opulent altar of Gozag.
  5715 | D:5      | Entered Level 5 of the Dungeon
  5720 | D:5      | Reached skill level 1 in Conjurations
  5720 | D:5      | Reached skill level 1 in Fire Magic
  5845 | D:5      | Found Sufapt's Armour Boutique.
  5990 | D:5      | Reached XP level 8. HP: 46/46 MP: 14/14
  6044 | D:5      | Reached skill level 1 in Short Blades
  6388 | D:5      | Noticed Edmund
  6404 | D:5      | Killed Edmund
  6970 | D:6      | Reached skill level 5 in Spellcasting
  6970 | D:6      | Reached skill level 5 in Transmutations
  6999 | D:6      | Found a white marble altar of Elyvilon.
  7255 | D:6      | Found a glowing drain.
  7259 | Sewer    | Entered a sewer
  7366 | Sewer    | Reached XP level 9. HP: 51/51 MP: 17/17
  8162 | D:6      | Noticed Grinder
  8174 | D:6      | Killed Grinder
  8175 | D:6      | Reached skill level 5 in Dodging
  8175 | D:6      | Reached skill level 6 in Spellcasting
  8228 | D:6      | Found a staircase to the Ecumenical Temple.
  8247 | Temple   | Entered the Ecumenical Temple
  8372 | Temple   | Became a worshipper of Sif Muna the Loreminder
  8650 | D:7      | Identified the +1 kite shield of Defence {rF+ Slay+3}
  8655 | D:7      | Noticed a hornet
  8663 | D:7      | Killed a hornet
  8968 | D:7      | Found a basalt altar of Yredelemnul.
  9028 | D:7      | Reached skill level 7 in Spellcasting
  9095 | D:7      | Reached XP level 10. HP: 38/56 MP: 9/21
  9438 | D:7      | You fall into a shaft and drop 1 floor!
  9706 | D:8      | Noticed Prince Ribbit
  9723 | D:8      | Killed Prince Ribbit
  9923 | D:8      | Got Sif Muna's Collected Works on Flames and Companions
 10072 | D:8      | Reached * piety under Sif Muna
 10275 | D:8      | Found a shadowy altar of Dithmenos.
 10444 | D:9      | Reached skill level 8 in Spellcasting
 10595 | D:9      | Learned a level 4 spell: Iskenderun's Mystic Blast
 10735 | D:9      | Noticed Joseph
 10738 | D:9      | Reached skill level 5 in Earth Magic
 11069 | D:9      | Killed Joseph
 11423 | D:9      | Reached ** piety under Sif Muna
 11884 | D:10     | Entered Level 10 of the Dungeon
 11928 | D:10     | Found a glowing silver altar of Zin.
 11937 | D:10     | Reached skill level 9 in Spellcasting
 12006 | D:10     | Found a staircase to the Lair.
 12009 | D:10     | Noticed a two-headed ogre
 12122 | D:10     | Noticed a two-headed ogre
 12164 | D:10     | Killed a two-headed ogre
 12165 | D:10     | Reached skill level 1 in Fighting
 12165 | D:10     | Reached skill level 1 in Invocations
 12165 | D:10     | Reached XP level 11. HP: 49/63 MP: 14/24
 12306 | D:10     | Killed a two-headed ogre
 12632 | D:10     | Noticed Psyche
 12639 | D:10     | Killed Psyche
 13006 | D:10     | Found a snail-covered altar of Cheibriados.
 13279 | D:10     | Found Tamur's CLEARANCE SALE! EVERYTHING MUST GO!.
 13346 | D:10     | Found a blossoming altar of Fedhas.
 13667 | D:10     | Found a broken altar of Ashenzari.
 13667 | D:10     | Found a bloodstained altar of Trog.
 13800 | D:10     | Found a hide-covered altar of Uskayaw.
 14090 | D:7      | Reached *** piety under Sif Muna
 14358 | D:7      | Found a glowing golden altar of the Shining One.
 14550 | Lair:1   | Entered Level 1 of the Lair of Beasts
 14755 | Lair:1   | Reached skill level 10 in Spellcasting
 14755 | Lair:1   | Reached skill level 5 in Invocations
 14918 | Lair:1   | Reached XP level 12. HP: 72/72 MP: 26/26
 15222 | Lair:1   | Noticed a seven-headed hydra
 15759 | Lair:2   | Noticed a six-headed hydra
 15822 | Lair:2   | Killed a six-headed hydra
 15980 | Lair:2   | Found a staircase to the Shoals.
 16105 | Lair:2   | Noticed a boulder beetle
 16120 | Lair:2   | Killed a boulder beetle
 17035 | Lair:3   | Noticed Gastronok
 17239 | Lair:3   | Reached **** piety under Sif Muna
 17354 | Lair:3   | Noticed a four-headed hydra
 17365 | Lair:3   | Killed a four-headed hydra
 17366 | Lair:3   | Reached skill level 11 in Spellcasting
 17401 | Lair:3   | Found a staircase to the Snake Pit.
 17599 | Lair:3   | Learned a level 5 spell: Summon Forest
 17982 | Lair:3   | Killed Gastronok
 17983 | Lair:3   | Reached skill level 10 in Earth Magic
 18107 | Lair:4   | Noticed a seven-headed hydra
 18111 | Lair:4   | Reached XP level 13. HP: 66/77 MP: 16/28
 18230 | Lair:3   | Reached skill level 12 in Spellcasting
 18809 | Lair:4   | Found the +2 robe of Vines {NoPotionHeal Regen+++}
 18975 | Lair:4   | Reached skill level 1 in Summonings
 19947 | Lair:4   | Identified a scroll of acquirement
 19949 | Lair:4   | Acquired 1080 gold pieces
 20046 | Lair:5   | Found a transporter.
 20072 | Lair:5   | Learned a level 4 spell: Olgreb's Toxic Radiance
 20082 | Lair:5   | Found a transporter.
 20083 | Lair:5   | Noticed Luam's ghost (journeyman OpFi)
 20086 | Lair:5   | Found a bloodstained altar of Trog.
 20166 | Lair:5   | Found a runed translucent door.
 20167 | Lair:5   | Found a viscous altar of Jiyva.
 20167 | Lair:5   | Noticed an acid blob
 20167 | Lair:5   | Noticed an acid blob
 20219 | Lair:5   | Found a staircase to the Slime Pits.
 20384 | Lair:5   | Noticed an acid blob
 20385 | Lair:5   | Noticed an acid blob
 21168 | Lair:6   | Entered Level 6 of the Lair of Beasts
 21205 | Lair:6   | Reached skill level 13 in Spellcasting
 21265 | Lair:6   | Reached ***** piety under Sif Muna
 21266 | Lair:6   | Reached skill level 1 in Shields
 21266 | Lair:6   | Reached skill level 1 in Translocations
 21294 | Lair:6   | Received a gift from Sif Muna
 21570 | Lair:6   | Learned a level 4 spell: Airstrike
 21592 | Lair:6   | Reached XP level 14. HP: 83/83 MP: 2/31
 23462 | Lair:6   | Identified the ring of Aqaoliro {rN+ Will+ Int+3 Dex+3}
 23735 | Lair:6   | Received a gift from Sif Muna
 23745 | Lair:6   | Learned a level 5 spell: Fireball
 23898 | Lair:6   | Found a corrupted altar of Lugonu.
 23898 | Lair:6   | Found a one-way gate to the infinite horrors of the Abyss.
 25266 | D:11     | Found a staircase to the Orcish Mines.
 25379 | D:12     | Reached skill level 10 in Stealth
 25379 | D:12     | Reached skill level 5 in Conjurations
 25379 | D:12     | Reached XP level 15. HP: 88/88 MP: 32/32
 25487 | D:12     | Found a flagged portal.
 25495 | Bailey   | Entered a bailey
 26079 | Bailey   | Found the +2 shield of Resistance {rF++ rC++ Will++}
 27291 | D:12     | Reached skill level 5 in Shields
 27616 | D:12     | Reached skill level 5 in Air Magic
 28018 | D:12     | Found a runed translucent door.
 28036 | D:12     | Reached skill level 10 in Invocations
 28296 | D:12     | Found a runed translucent door.
 28297 | D:12     | Noticed a storm dragon
 28302 | D:12     | Noticed a lich
 28700 | D:12     | Identified the +9 battleaxe of Esko {drain, rC- Will+
                  | Str+4}
 28703 | D:12     | Noticed Stajl's ghost (journeyman TrFi)
 29519 | D:13     | Reached XP level 16. HP: 78/93 MP: 31/33
 30203 | Orc:1    | Entered Level 1 of the Orcish Mines
 30293 | Orc:2    | Entered Level 2 of the Orcish Mines
 30678 | Orc:2    | Found Gommivyr's Magic Scroll Shoppe.
 30684 | Orc:2    | Received a gift from Sif Muna
 30709 | Orc:2    | Found Lohapnui's Armour Boutique.
 30818 | Orc:2    | Found Sepadaof's Weapon Boutique.
 30818 | Orc:2    | Found Hin Kove's Magic Scroll Shoppe.
 30831 | Orc:2    | Found a runed translucent door.
 30831 | Orc:2    | Noticed ciphuk's ghost (journeyman VSBr)
 30951 | Orc:2    | Bought a scroll of noise for 11 gold pieces
 30951 | Orc:2    | Bought a scroll of blinking for 82 gold pieces
 31116 | Orc:2    | Bought a scroll of acquirement for 780 gold pieces
 31116 | Orc:2    | Acquired 1254 gold pieces
 31253 | Orc:2    | Found a staircase to the Elven Halls.
 31602 | Orc:2    | Killed ciphuk's ghost
 31737 | Orc:2    | Bought a scroll of identify for 30 gold pieces
 31737 | Orc:2    | Bought a scroll of identify for 30 gold pieces
 31737 | Orc:2    | Bought a scroll of identify for 30 gold pieces
 31737 | Orc:2    | Bought a scroll of identify for 30 gold pieces
 31741 | Orc:2    | Bought a scroll of identify for 30 gold pieces
 31741 | Orc:2    | Bought a scroll of identify for 30 gold pieces
 31793 | Orc:2    | Bought a scroll of summoning for 104 gold pieces
 31793 | Orc:2    | Bought a scroll of teleportation for 33 gold pieces
 31793 | Orc:2    | Bought a scroll of identify for 22 gold pieces
 31793 | Orc:2    | Bought a scroll of identify for 22 gold pieces
 31793 | Orc:2    | Bought a scroll of teleportation for 33 gold pieces
 31793 | Orc:2    | Bought a scroll of fog for 22 gold pieces
 32440 | D:14     | Found a gate to the Vaults.
 32493 | D:14     | Found a stormy altar of Qazlal.
 32565 | D:14     | Received a gift from Sif Muna
 32566 | D:14     | Got Sif Muna's Reference Book on Icy Changing {god gift}
 33186 | D:15     | Entered Level 15 of the Dungeon
 33380 | D:15     | HP: 2/93 [deep elf archer/arrow (22)]
 33827 | D:15     | Reached skill level 10 in Shields
 34088 | D:15     | Killed from afar by a fire dragon

Illustrated notes

Levels and vault maps discovered:
D:1:      nagdon_arrival_zigzag_paths, layout_loops_ring,
          hellmonk_ecumenical_altar_inner_sanctum
D:2:      layout_loops_ring, basic_altar
D:3:      minmay_diamond_boxcup, layout_rooms, nicolae_ru_the_path_less_chosen,
          kennysheep_generic_room_9
D:4:      layout_layer_cave, nicolae_gozag_seed_capital, serial_shops,
          nicolae_shop_stone
D:5:      layout_loops_ring, serial_shops, kennysheep_little_box, uniq_edmund
D:6:      black_bear_nest_1, layout_gridville, elyvilon_altar_3,
          minmay_temple_entry_nine_rooms, gup_sewer_entry_spiral,
          minmay_misc_feat_columns, uniq_grinder
D:7:      layout_rooms, mainiacjoe_overflow_concentric_impassable, tso_altar
D:8:      layout_loops_ring, mainiacjoe_overflow_tiny_flanked,
          uniq_prince_ribbit1
D:9:      layout_loops_ring, worms_lemuel, uniq_joseph
D:10:     layout_basic, mainiacjoe_overflow_big_doors,
          gammafunk_temple_overflow_elements, due_lair_maze_entry_diamond,
          hangedman_feature_mirror, nicolae_shop_clearance, uniq_psyche
D:11:     layout_basic, hiddenorc1_lemuel
D:12:     layout_irregular_city, enter_bailey_3, muffindrake_ghost_dual_entry,
          minivault_24
D:13:     layout_layer_cave
D:14:     layout_roguey, david_vaults_5, nicolae_qazlal_general_emergency,
          serial_curves, eino_curves_01, eino_curves_03, eino_curves_03
D:15:     hangedman_slaughterboxes
Temple:   minmay_temple_forest_path
Lair:1:   cheibrodos_lair_river_kwai, layout_cave_shapes, serial_bayou_pond_b
Lair:2:   layout_regular_city, elwin_shoals_entry_rocks
Lair:3:   layout_cave_pods, minmay_snake_entry_six_corridors, uniq_gastronok
Lair:4:   layout_cave_pods, hellmonk_guarded_unrand_vines, lemuel_fruit_fields
Lair:5:   layout_loops_ring, slime_altar_2, gammafunk_ghost_wrathful_warriors
Lair:6:   hellmonk_lair_end_abyssal_woods, layout_gridlike
Orc:1:    layout_diamond_mine, basic_altar, mines3_lemuel
Orc:2:    st_orc_town, layout_diamond_mine, gammafunk_ghost_grave, mines5_lemuel

Skill      XL: |  1  2  3  4  5  6  7  8  9 10 11 12 13 14 15 16 |
---------------+-------------------------------------------------+-----
Transmutations | 2 3 4 5 7 9 |  9.0
Stealth        | 3 4 5 8 10 | 10.5
Spellcasting   | 3 4 5 7 9 10 11 13 | 13.5
Earth Magic    | 4 6 8 10 11 12 | 12.0
Air Magic      | 1 2 4 5 |  5.0
Poison Magic   | 1 2 |  2.0
Conjurations   | 1 2 3 5 |  5.0
Fire Magic     | 1 2 |  2.0
Short Blades   | 2 |  2.0
Dodging        | 4 5 6 7 |  7.0
Fighting       | 1 3 |  3.0
Invocations    | 1 5 8 9 10 | 10.0
Summonings     | 4 |  4.0
Shields        | 2 4 5 10 | 10.4
Translocations | 2 |  2.0

Action                   |  1- 3 |  4- 6 |  7- 9 | 10-12 | 13-15 | 16-18 || total
-------------------------+-------+-------+-------+-------+-------+-------++-------
Melee: Dagger            |    41 |    44 |   119 |   259 |   281 |    59 ||   803
       Constrict         |    12 |    11 |    33 |    64 |    49 |     6 ||   175
       Tentacles         |     7 |     5 |    32 |    66 |    54 |    16 ||   180
       Unarmed           |     3 |       |       |       |       |       ||     3
 Cast: Sandblast         |    12 |    55 |    60 |    96 |    48 |       ||   271
       Petrify           |       |       |    37 |   111 |   170 |    23 ||   341
       Mephitic Cloud    |       |       |    10 |    25 |    12 |     5 ||    52
       Ignite Poison     |       |       |     4 |    11 |    53 |    39 ||   107
       Iskenderun's Myst |       |       |       |    14 |    42 |    41 ||    97
       Olgreb's Toxic Ra |       |       |       |       |    80 |    59 ||   139
       Summon Forest     |       |       |       |       |     2 |     1 ||     3
       Airstrike         |       |       |       |       |    51 |    15 ||    66
       Fireball          |       |       |       |       |     4 |    15 ||    19
Invok: Channel Magic     |       |       |       |       |     8 |     8 ||    16
  Use: Scroll            |       |       |     8 |     4 |    18 |    11 ||    41
       Potion            |       |       |       |       |     2 |       ||     2
 Stab: Sleeping          |    11 |     7 |     7 |     3 |     7 |     5 ||    40
       Distracted        |     1 |       |       |       |       |     1 ||     2
       Petrified         |       |       |    33 |   116 |   148 |    14 ||   311
       Confused          |       |       |     5 |     5 |     5 |       ||    15
       Petrifying        |       |       |     3 |    11 |     8 |     4 ||    26
Armor: Skin              |     2 |     3 |     7 |    15 |    21 |     6 ||    54
Dodge: Dodged            |    25 |    35 |    68 |   205 |   271 |    85 ||   689
Block: Other             |       |       |    15 |    47 |    57 |    26 ||   145
       Reflection        |       |       |     1 |     1 |     3 |     4 ||     9
